 Dungeon Crawl Stone Soup version 0.28.0-53-g5a82cb258f (webtiles) character file.

Game seed: 1094092909612401483

23 styxcanada the Sneak (level 2, 0/15 HPs)
             Began as a Spriggan Brigand on June 16, 2022.
             Frozen to death by an endoplasm (5 damage)
             ... on level 2 of the Dungeon.
             The game lasted 00:03:21 (752 turns).

styxcanada the Sneak (Spriggan Brigand)              Turns: 752, Time: 00:03:22

Health: 0/15       AC:  3    Str:  7    XL:     2   Next: 72%
Magic:  3/3        EV: 17    Int: 12    God:
Gold:   0          SH:  0    Dex: 16    Spells: 0/1 levels left

rFire   . . .      SeeInvis +   a - +2 dagger
rCold   . . .      Faith    .   (no shield)
rNeg    . . .      Spirit   .   b - +0 robe
rPois   .          Reflect  .   (helmet restricted)
rElec   .          Harm     .   c - +0 cloak
rCorr   .          Rampage  .   (gloves unavailable)
Will    .....                   (boots unavailable)
Stlth   +++.......              (no amulet)
HPRegen 0.05/turn               (no ring)
MPRegen 0.08/turn               (no ring)

@: very quick
A: very small, no large weapons, unfitting armour, see invisible, speed 3
a: no special abilities


You were on level 2 of the Dungeon.
You visited 1 branch of the dungeon, and saw 2 of its levels.

Inventory:

Hand Weapons
 a - a +2 dagger (weapon)
Missiles
 d - 13 poisoned darts (quivered)
 e - 46 stones
Armour
 b - a +0 robe (worn)
 c - a +0 cloak (worn)
Scrolls
 g - a scroll of teleportation {unknown}
Potions
 f - a potion of might {unknown}


   Skills:
 * Level 1.8 Fighting
 + Level 2.1 Short Blades
 + Level 2.0 Throwing
 * Level 2.3 Dodging
 * Level 6.3 Stealth
 * Level 0.1 Spellcasting
 * Level 0.6 Transmutations
 * Level 0.4 Poison Magic


You couldn't memorise any spells.
You knew the following spells:

 Your Spells              Type           Power      Damage    Failure   Level
a - Sting                 Tmut/Pois      4%         1d3       26%         1

Your spell library contained the following spells:

 Spells                   Type           Power      Damage    Failure   Level
 Poisonous Vapours        Pois/Air       0%         N/A       43%         2
 Olgreb's Toxic Radiance  Pois           1%         N/A       95%         4


Dungeon Overview and Level Annotations

Branches:
Dungeon (2/15)

Altars:

Shops:
D:1 !


Innate Abilities, Weirdness & Mutations

You are very small and have problems with some larger weapons.
You are too small for most types of armour.
You have supernaturally acute eyesight. (SInv)
You cover ground extremely quickly. (Speed+++)


Message History

You hit the bat.
You kill the bat!
g - a scroll labelled TEIPYF EWI
There is a stone staircase leading down here.
You open the door.
There is an open door here.
d - 13 poisoned darts (gained 6)
There is an open door here.
There is a stone staircase leading down here.
You open the door.
There is an open door here.
There is an open door here.
There is a staircase leading out of the dungeon here.
Done exploring.
(D) Dungeon
Where to? (? - help)
What level of the Dungeon? (default 1, ? - help)
There is an open door here.
There is a stone staircase leading down here.
You climb downwards.
Found a short sword.
There is a stone staircase leading up here.
A goblin is nearby!
The goblin shouts!
You hit the goblin. You punch the goblin.
You kill the goblin!
An endoplasm comes into view.
You hit the endoplasm.
The endoplasm is moderately wounded.
The endoplasm freezes you.
You are frozen.
You hit the endoplasm.
The endoplasm is almost dead.
The endoplasm freezes you.
You are frozen.
You completely miss the endoplasm.
The endoplasm is almost dead.
The endoplasm freezes you.
You are frozen.
You die...

#...........
...........
###.#.#......
.....#.....
#... ... #
#..##.##.##.
#.##..).)......
#...<..@.#
#####.##J......
#.# ..#.##. ##.
....# #...#..
#..#### ##. #


You could see an endoplasm.

Vanquished Creatures
  2 endoplasms (D:1)
  3 goblins
  2 hobgoblins (D:1)
  5 kobolds (D:1)
  3 bats (D:1)
  A frilled lizard (D:1)
  4 rats (D:1)
20 creatures vanquished.

Notes
Turn   | Place    | Note
-------+----------+-------------------------------------------
     0 | D:1      | styxcanada the Spriggan Brigand began the quest for the
                  | Orb.
     0 | D:1      | Reached XP level 1. HP: 10/10 MP: 2/2
    32 | D:1      | Reached skill level 6 in Stealth
   123 | D:1      | Found Zoemnol's Distillery.
   243 | D:1      | Reached XP level 2. HP: 13/15 MP: 3/3
   320 | D:1      | Found a faded altar of an unknown god.
   369 | D:1      | Learned a level 1 spell: Sting
   752 | D:2      | Frozen to death by an endoplasm

Illustrated notes

Levels and vault maps discovered:
D:1:      wander_arrival_peaceful_grave, layout_basic, serial_shops, shop,
          basic_ecumenical_altar
D:2:      layout_loops_cross, serial_shops, shop_coins, st_stairs_14,
          chequers_hall_statues_y

Skill      XL: |  1 |
---------------+----+-----
Stealth        | 6 |  6.3
Dodging        | 2 |  2.3
Fighting       | |  1.8
Short Blades   | |  2.1
Throwing       | |  2.0
Spellcasting   | |  0.1
Transmutations | |  0.6
Poison Magic   | |  0.4

Action                   || total
-------------------------++-------
Melee: Dagger            ||    36
       Punch             ||     1
Throw: Dart              ||    12
 Stab: Sleeping          ||     4
Armor: Robe              ||     2
Dodge: Dodged            ||    20
